 Dungeon Crawl Stone Soup version 0.27.0-1-g7a089689b8 (webtiles) character file.

Game seed: 6288943022487666346

7038 mainiacjoe the Fighter (level 11, -3/72 HPs)
             Began as a Gargoyle Ice Elementalist on July 31, 2021.
             Was an Elder of Vehumet.
             Slain by a white ugly thing (12 damage)
             ... on level 9 of the Dungeon on Aug 1, 2021.
             The game lasted 00:49:49 (12920 turns).

mainiacjoe the Fighter (Gargoyle Ice Elementalist) Turns: 12920, Time: 00:49:49

Health: -3/72      AC: 29    Str: 15    XL:     11   Next: 9%
Magic:  5/15       EV: 13    Int: 22    God:    Vehumet [****..]
Gold:   120        SH:  0    Dex: 10    Spells: 5/16 levels left

rFire    + . .     SeeInvis .   a - +0 demon trident (vamp)
rCold    . . .     Faith    .   (no shield)
rNeg     + . .     Spirit   .   S - +3 ring mail
rPois    ∞         Reflect  .   r - +4 helmet "Hinlig" {*Corrode rF+ Str+4 Int+2}
rElec    +         Harm     .   e - +2 cloak
rCorr    +         Rampage  .   n - +2 pair of gloves
Will     .....                  U - +1 pair of boots
Stlth    +.........             J - amulet of the acrobat
HPRegen  0.22/turn              F - ring of flight
MPRegen  0.14/turn              O - ring of resist corrosion

@: flying
A: sickness immunity, AC +8, negative energy resistance 1, electricity
resistance, torment resistance 1, petrification resistance
a: Renounce Religion


You were on level 9 of the Dungeon.
You worshipped Vehumet.
Vehumet was greatly pleased with you.
You visited 2 branches of the dungeon, and saw 10 of its levels.
You also visited: Sewer and Bailey.

You collected 1198 gold pieces.
You spent 1078 gold pieces at shops.

Inventory:

Hand Weapons
 a - a +0 vampiric demon trident (weapon)
 b - a +0 shortbow
Missiles
 c - 64 sling bullets
 f - 105 arrows
 g - 145 stones
 v - 98 bolts
 C - 2 throwing nets {=F}
 D - 52 poisoned darts (quivered)
 G - 53 boomerangs
 Q - 8 javelins
 T - 3 curare-tipped darts {=F}
Armour
 d - a +0 robe
 e - a +2 cloak (worn)
 n - a +2 pair of gloves (worn)
 r - the +4 helmet "Hinlig" (worn) {*Corrode rF+ Str+4 Int+2}
   (You found it on level 4 of the Dungeon)

   Str:       It affects your strength (+4).
   Int:       It affects your intelligence (+2).
   rF:        It protects you from fire.
   *Corrode:  It may corrode you when you take damage.
 S - a +3 ring mail (worn)
 U - a +1 pair of boots (worn)
Jewellery
 F - a ring of flight (left hand)
 J - an amulet of the acrobat (around neck)
 O - a ring of resist corrosion (right hand)
Wands
 H - a wand of flame (10)
 I - a wand of mindburst (18)
 K - a wand of polymorph (6)
 L - a wand of paralysis (12)
 N - a wand of charming (10)
 R - a wand of iceblast (6)
Scrolls
 i - 6 scrolls of teleportation
 j - a scroll of blinking
 k - 2 scrolls of silence
 l - a scroll of amnesia
 m - 3 scrolls of magic mapping
 o - 2 scrolls of fog
 s - a scroll of summoning
 u - 2 scrolls of fear
 y - 2 scrolls of immolation
 z - 2 scrolls of torment
 B - 2 scrolls of holy word
Potions
 h - 3 potions of lignification
 p - 2 potions of resistance
 q - 4 potions of heal wounds
 t - a potion of cancellation
 w - 2 potions of invisibility
 x - a potion of haste
 A - 2 potions of mutation {unknown}
 E - 3 potions of might
 P - a potion of magic {unknown}


   Skills:
 + Level 9.9 Fighting
 * Level 4.0 Polearms
 + Level 8.2 Dodging
 - Level 2.1 Stealth
 - Level 3.0 Spellcasting
 - Level 2.0 Conjurations
 - Level 8.0 Ice Magic
 - Level 6.0 Earth Magic


You had 5 spell levels left.
You knew the following spells:

 Your Spells              Type           Power      Damage    Failure   Level
a - Freeze                Ice            100%       1d11      1%          1
b - Frozen Ramparts       Ice            76%        1d9       1%          3
c - Stone Arrow           Conj/Erth      40%        3d9       4%          3
s - Sandblast             Erth           58%        2d13      1%          1
z - Ozocubu's Armour      Ice            38%        N/A       2%          3

Your spell library contained the following spells:

 Spells                   Type           Power      Damage    Failure   Level
 Ignite Poison            Fire/Tmut/Pois 3%         N/A       19%         3
 Hailstorm                Conj/Ice       25%        3d7       9%          4
 Animate Armour           Summ/Erth      32%        N/A       56%         4
 Lehudib's Crystal Spear  Conj/Erth      10%        10d4      100%        8


Dungeon Overview and Level Annotations

Branches:
Dungeon (9/15)             Temple (1/1) D:4           Sewer (visited)
 Bailey (visited)
   Lair: D:8-11         Orc: D:9-12

Altars:
Ashenzari
Cheibriados
Dithmenos
Elyvilon
Gozag
Hepliaklqana
Kikubaaqudgha
Makhleb
Nemelex Xobeh
Okawaru
Qazlal
Ru
Sif Muna
Trog
Uskayaw
Vehumet
Wu Jian
Zin
The Shining One

Shops:
D:5 ?   D:8 *

Annotations:
D:7 1 runed translucent door, RascalDebosk's ghost, novice GrBe


Innate Abilities, Weirdness & Mutations

You are immune to sickness and miasma.
Your stone body is resilient. (AC +8)
You are immune to poison.
You resist negative energy. (rN+)
You are resistant to electric shocks. (rElec)
You are resistant to unholy torment.
You are immune to petrification.


Message History

The white ugly thing is moderately wounded.
The white ugly thing stings you but does no damage.
You hit the white ugly thing.
The white ugly thing is moderately wounded.
The white ugly thing closely misses you.
You puncture the white ugly thing!
The white ugly thing is heavily wounded.
The white ugly thing stings you but does no damage.
You hit the white ugly thing but do no damage.
The white ugly thing is heavily wounded.
The white ugly thing stings you but does no damage.
Your ring mail prevents you from hitting the white ugly thing.
The white ugly thing is heavily wounded.
The white ugly thing misses you.
You closely miss the white ugly thing.
The white ugly thing is heavily wounded.
The white ugly thing completely misses you.
You hit the white ugly thing but do no damage.
The white ugly thing is heavily wounded.
The white ugly thing misses you.
The white ugly thing stings you but does no damage.
You puncture the white ugly thing!
The white ugly thing is severely wounded.
The white ugly thing stings you. The white ugly thing freezes you!
You closely miss the white ugly thing.
The white ugly thing is severely wounded.
The white ugly thing misses you.
You puncture the white ugly thing!
The white ugly thing is severely wounded.
The white ugly thing stings you! The white ugly thing freezes you!!
* * * LOW HITPOINT WARNING * * *
You barely miss the white ugly thing.
The white ugly thing is severely wounded.
The white ugly thing barely misses you.
You closely miss the white ugly thing.
The white ugly thing is severely wounded.
The white ugly thing stings you.
* * * LOW HITPOINT WARNING * * *
The white ugly thing freezes you!
You die...

#+#####
#..........
#.###
#.#[###### #.
#.#..# ..#..#
#..##'#
...#..#
##..#..#
#..##÷####+##
#..).@u..#
#..#..#..#
####### ##


You could see a white ugly thing.

Vanquished Creatures
  3 orc knights
  An ugly thing (D:9)
  A kobold demonologist (D:9)
  A hornet (D:8)
  A troll (D:9)
  4 slime creatures (D:9)
  A wyvern (D:9)
  A steam dragon (D:6)
  An ice beast (D:6)
  A hornet zombie (D:6)
  A sky beast (D:7)
  6 orc warriors
  A black bear (D:6)
  3 ogres
  2 centaurs
  2 phantoms
  The ghost of Spaninq the Ruffian, an amateur GrTm (D:3)
  A kobold brigand (D:9)
  2 wyvern zombies
  2 bullfrogs (D:7)
  9 killer bees
  A wight (D:7)
  2 howler monkeys
  3 bullfrog zombies
  3 hounds
  A jelly (D:6)
  3 orc priests
  A bullfrog skeleton (D:6)
  A gnoll shaman (D:4)
  5 iguanas
  7 orc wizards
  A killer bee zombie (D:7)
  2 howler monkey zombies
  14 gnolls
  7 adders
  A river rat (D:4)
  A white imp (D:6)
  2 ufetubi (D:5)
  An adder zombie (D:5)
  6 worms
  2 dart slugs
  29 orcs
  8 bats
  11 endoplasms
  7 giant cockroaches
  8 goblins
  5 hobgoblins
  14 jackals
  6 quokkas
  10 ball pythons
  5 frilled lizards
  23 kobolds
  5 rats
240 creatures vanquished.

Vanquished Creatures (others)
  A fungus (D:1)
  A plant (D:1)
2 creatures vanquished.

Grand Total: 242 creatures vanquished

Notes
Turn   | Place    | Note
-------+----------+-------------------------------------------
     0 | D:1      | mainiacjoe the Gargoyle Ice Elementalist began the quest
                  | for the Orb.
     0 | D:1      | Reached XP level 1. HP: 10/10 MP: 3/3
   220 | D:1      | Reached XP level 2. HP: 6/15 MP: 0/5
   629 | D:1      | Found a faded altar of an unknown god.
   851 | D:1      | Reached XP level 3. HP: 19/19 MP: 6/6
  1116 | D:1      | Reached skill level 5 in Ice Magic
  1269 | D:1      | Learned a level 3 spell: Frozen Ramparts
  1402 | D:2      | Reached XP level 4. HP: 7/24 MP: 0/7
  1867 | D:2      | Reached XP level 5. HP: 27/28 MP: 0/8
  2441 | D:2      | Learned a level 3 spell: Ozocubu's Armour
  2950 | D:3      | Found a large runed translucent door.
  2951 | D:3      | Found a large runed translucent door.
  2953 | D:3      | Noticed Spaninq's ghost (amateur GrTm)
  2993 | D:3      | Reached XP level 6. HP: 32/32 MP: 6/10
  3920 | D:3      | Killed Spaninq's ghost
  4030 | D:4      | Found a staircase to the Ecumenical Temple.
  4035 | Temple   | Entered the Ecumenical Temple
  4108 | Temple   | Became a worshipper of Vehumet
  4211 | D:4      | Found a glowing drain.
  4228 | D:4      | Identified the +4 helmet "Hinlig" {*Corrode rF+ Str+4
                  | Int+2}
  4240 | Sewer    | Entered a sewer
  4766 | D:4      | Reached * piety under Vehumet
  4766 | D:4      | Offered knowledge of Sandblast by Vehumet.
  4769 | D:4      | Learned a level 1 spell: Sandblast
  4809 | D:4      | Found a hide-covered altar of Uskayaw.
  4831 | D:4      | Reached XP level 7. HP: 36/36 MP: 7/11
  5012 | D:4      | Found a broken altar of Ashenzari.
  5040 | D:4      | Reached skill level 1 in Earth Magic
  5567 | D:5      | Entered Level 5 of the Dungeon
  5619 | D:5      | Found Yjilou's Magic Scroll Shoppe.
  5629 | D:5      | Bought a scroll of magic mapping for 45 gold pieces
  5629 | D:5      | Bought a scroll of fear for 45 gold pieces
  5629 | D:5      | Bought a scroll of immolation for 45 gold pieces
  5629 | D:5      | Bought a scroll of identify for 26 gold pieces
  5629 | D:5      | Bought a scroll of identify for 26 gold pieces
  5750 | D:5      | Bought a scroll of enchant armour for 97 gold pieces
  6033 | D:5      | Reached skill level 1 in Fighting
  6421 | D:5      | Reached skill level 2 in Fighting
  6421 | D:5      | Reached XP level 8. HP: 31/44 MP: 5/12
  6868 | D:5      | Learned a level 3 spell: Stone Arrow
  6996 | D:6      | Reached skill level 3 in Fighting
  6996 | D:6      | Reached skill level 1 in Conjurations
  7123 | D:6      | Reached skill level 4 in Fighting
  7317 | D:6      | Found an iron altar of Okawaru.
  7656 | D:6      | Reached ** piety under Vehumet
  7656 | D:6      | Offered knowledge of Searing Ray by Vehumet.
  7786 | D:6      | Reached skill level 5 in Fighting
  7919 | D:6      | Reached XP level 9. HP: 28/54 MP: 13/13
  7923 | D:6      | Reached skill level 5 in Dodging
  8248 | D:6      | Found an ornate altar of the Wu Jian Council.
  8538 | D:7      | Found a flagged portal.
  8547 | D:7      | Reached skill level 6 in Fighting
  8585 | Bailey   | Entered a bailey
  8596 | Bailey   | Noticed an orc knight
  8731 | Bailey   | Noticed an orc knight
  9120 | Bailey   | Killed an orc knight
  9228 | Bailey   | Reached skill level 7 in Fighting
  9379 | Bailey   | Offered knowledge of Poisonous Vapours by Vehumet.
  9600 | Bailey   | Killed an orc knight
  9601 | Bailey   | Reached skill level 8 in Fighting
  9940 | D:7      | Found a runed translucent door.
  9952 | D:7      | Reached XP level 10. HP: 64/64 MP: 14/14
 10435 | D:7      | Reached *** piety under Vehumet
 10562 | D:5      | Bought a scroll of acquirement for 676 gold pieces
 10562 | D:5      | Bought a scroll of holy word for 97 gold pieces
 10562 | D:5      | Acquired a +0 vampiric demon trident
 10879 | D:7      | Identified the +3 flail "Juircheh" {holy, Int+4}
 10920 | D:7      | Noticed RascalDebosk's ghost (novice GrBe)
 11153 | D:8      | Identified the +4 scale mail "Ashuu" {Harm rPois Str-5
                  | Dex+4}
 11214 | D:8      | Reached skill level 5 in Earth Magic
 11635 | D:8      | Found a shimmering blue altar of Sif Muna.
 11660 | D:8      | Offered knowledge of Ignite Poison by Vehumet.
 11673 | D:8      | Found a glowing golden altar of the Shining One.
 11718 | D:8      | Found Feysyn's General Store.
 11727 | D:8      | Bought 3 curare-tipped darts for 21 gold pieces
 11771 | D:8      | Found an ancient bone altar of Kikubaaqudgha.
 12061 | D:9      | Reached skill level 9 in Fighting
 12097 | D:9      | Noticed a kobold demonologist
 12108 | D:9      | Killed a kobold demonologist
 12181 | D:9      | Reached skill level 1 in Polearms
 12694 | D:9      | Found a runed translucent door.
 12694 | D:9      | Noticed a red ugly thing
 12703 | D:9      | Killed a red ugly thing
 12703 | D:9      | Reached **** piety under Vehumet
 12704 | D:9      | Reached XP level 11. HP: 62/72 MP: 15/15
 12704 | D:9      | Noticed an orc knight
 12759 | D:9      | Killed an orc knight
 12905 | D:9      | Noticed a white ugly thing
 12920 | D:9      | Slain by a white ugly thing

Illustrated notes

Levels and vault maps discovered:
D:1:      minmay_arrival_split_and_join, layout_basic,
          shapermc_ecumenical_altar_ellora
D:2:      minmay_inner_zag, layout_loops_ring, st_stairs_5
D:3:      layout_basic, ebering_ghost_disaster_area
D:4:      layout_gridville, lemuel_doored_altar, nicolae_uskayaw_dance_hall,
          temple_doors_ab, portal_sewer_entry_a
D:5:      layout_loops_corners, serial_shops, nicolae_shop_stone, serial_bayou,
          serial_bayou_pond_b, serial_bayou_pond_a
D:6:      layout_loops_cross, mainiacjoe_overflow_alcove_1,
          amcnicky_altar_gilded
D:7:      layout_rooms, ebering_ghost_reflecting_pool, enter_bailey_6,
          serial_undead, serial_undead_b, serial_undead_d, serial_undead_c,
          serial_undead_e
D:8:      layout_basic, mainiacjoe_overflow_24_doors,
          mainiacjoe_overflow_two_lobes, serial_shops, nicolae_lakefront_shop
D:9:      layout_roguey, lemuel_zombie_altar_yredelemnul, minivault_13
Temple:   nicolae_temple_hex_pool

Skill      XL: |  1  2  3  4  5  6  7  8  9 10 11 |
---------------+----------------------------------+-----
Ice Magic      | 5 6 7 8 |  8.0
Spellcasting   | 3 |  3.0
Earth Magic    | 3 4 6 |  6.0
Fighting       | 2 5 8 9 |  9.9
Dodging        | 3 4 6 8 |  8.2
Conjurations   | 1 2 |  2.0
Polearms       | 3 4 |  4.0
Stealth        | |  2.1

Action                   |  1- 3 |  4- 6 |  7- 9 | 10-12 || total
-------------------------+-------+-------+-------+-------++-------
Melee: Unarmed           |    11 |       |       |       ||    11
       Quarterstaff      |    26 |    94 |   156 |       ||   276
       Halberd           |       |     3 |       |    23 ||    26
       Whip              |       |       |    41 |    17 ||    58
       Demon trident     |       |       |       |   143 ||   143
 Fire: Shortbow          |       |       |       |     8 ||     8
Throw: Stone             |       |    71 |    14 |       ||    85
       Dart              |       |       |    13 |    34 ||    47
 Cast: Freeze            |    31 |    23 |    21 |     1 ||    76
       Frozen Ramparts   |     1 |    18 |    36 |    21 ||    76
       Sandblast         |       |       |    18 |       ||    18
       Ozocubu's Armour  |       |       |     8 |     1 ||     9
       Stone Arrow       |       |       |    26 |    14 ||    40
  Use: Potion            |     2 |     1 |     1 |       ||     4
       Scroll            |       |     2 |     9 |     6 ||    17
 Stab: Sleeping          |     1 |     1 |     1 |       ||     3
Armor: Robe              |    21 |    68 |   155 |    57 ||   301
       Skin              |     2 |     2 |       |       ||     4
       Ring mail         |       |       |       |    46 ||    46
Dodge: Dodged            |    44 |    84 |   235 |   141 ||   504
